AoeStats
← Knuh

Arabia

507689193Analyzed
2v2 RM · 12d ago on Sep 19, 2026· 38m 36s· 4 players
Game mode
Random Map
Map size
Medium (4 player)
Population
200
Speed
Normal
Resources
Standard
Victory
Conquest
Starting age
Dark Age
Ending age
Imperial Age
RankedLock teamsTeams togetherTeam positionsShared explorationLock speedFull tech treeHidden civsTurbo modeCheats
Victory
Defeat
🇧🇪 Romans · Belgium
1060
+16
🇩🇪 Lithuanians · Germany
1042
+17
🇹🇼 Magyars · Taiwan
1071
-17
🇬🇧 Mongols · United Kingdom
1046
-16
iBenj
9:51 Feudal Age
10:43 Double-Bit Axe
12:22 Loom
26:00 Castle Age
36:39 Fletching
37:10 Padded Archer Armor
qaz1227
7:13 Loom
10:40 Feudal Age
18:56 Horse Collar
19:03 Double-Bit Axe
24:06 Castle Age
22:56 Fletching
23:07 Padded Archer Armor
23:10 Gold Mining
24:06 Bloodlines
24:57 Bow Saw
27:00 Light Cavalry
31:11 Wheelbarrow
30:44 Husbandry
33:25 Pikeman
35:04 Gold Shaft Mining
34:47 Scale Mail Armor
34:53 Scale Barding Armor
34:51 Heavy Plow
36:12 Hand Cart
Knuh
7:34 Loom
10:02 Feudal Age
10:04 Man-at-Arms
13:12 Town Watch
13:59 Scale Mail Armor
18:39 Horse Collar
23:38 Castle Age
22:50 Wheelbarrow
22:39 Double-Bit Axe
23:32 Forging
23:49 Long Swordsman
23:54 Elite Skirmisher
29:04 Padded Archer Armor
28:54 Fletching
29:20 Chain Mail Armor
32:32 Pikeman
33:42 Leather Archer Armor
36:21 Town Patrol
40:56 Imperial Age
39:25 Hand Cart
Wichtel
7:00 Loom
9:08 Feudal Age
9:54 Double-Bit Axe
19:58 Horse Collar
20:21 Gold Mining
21:03 Scale Barding Armor
21:10 Forging
23:36 Castle Age
24:46 Bloodlines
27:15 Wheelbarrow
26:26 Town Watch
27:44 Fletching
27:55 Padded Archer Armor
28:10 Bow Saw
28:00 Elite Skirmisher
29:58 Light Cavalry
30:47 Bodkin Arrow
31:08 Leather Archer Armor
31:21 Ballistics
33:01 Heavy Plow
35:57 Hand Cart
37:50 Chain Barding Armor
Connection lost

Rejoining the realm…

Still unreachable

The connection could not be restored.

Session expired

The server has moved on; the page needs a fresh start.